 Dungeon Crawl Stone Soup version 0.29.1-14-g9c671dbff4 (webtiles) character file.

Game seed: 1954710758600919460

205 BeingJoeMalik the Twirler (level 5, -6/38 HPs)
             Began as a Demonspawn Gladiator on Feb 12, 2023.
             Mangled by a mummy (11 damage)
             ... in an ossuary.
             The game lasted 00:07:24 (3311 turns).

BeingJoeMalik the Twirler (Demonspawn Gladiator)    Turns: 3311, Time: 00:07:24

Health: -6/38      AC: 12    Str: 13 (15) XL:     5   Next: 52%
Magic:  5/5        EV: 11    Int:  7 (9)  God:
Gold:   72         SH:  0    Dex: 17 (20) Spells: 4/4 levels left

rFire   . . .      SeeInvis .   a - +1 quarterstaff
rCold   + . .      Faith    .   (shield currently unavailable)
rNeg    . . .      Spirit   .   q - +1 ring mail "Conluew" {rC+ Dex+3}
rPois   .          Reflect  .   c - +1 helmet
rElec   .          Harm     .   (no cloak)
rCorr   .          Rampage  .   (no gloves)
Will    .....                   g - +1 pair of boots
Stlth   +.........              (no amulet)
HPRegen 0.12/turn               z - +1 ring of strength
MPRegen 0.09/turn               y - +1 ring of slaying

@: mighty, brilliant
A: icy blue scales 1, powered by pain 1
a: no special abilities


You were in an ossuary.
You visited 1 branch of the dungeon, and saw 4 of its levels.
You also visited: Ossuary.

You collected 152 gold pieces.
You spent 80 gold pieces at shops.

Inventory:

Hand Weapons
 a - a +1 quarterstaff (weapon)
Missiles
 d - 3 throwing nets
 e - 7 javelins
 m - 5 poisoned darts (quivered)
Armour
 b - a +0 leather armour
 c - a +1 helmet (worn)
 g - a +1 pair of boots (worn)
 q - the +1 ring mail "Conluew" (worn) {rC+ Dex+3}
   (You found it on level 2 of the Dungeon)

   Dex:       It affects your dexterity (+3).
   rC:        It protects you from cold.
Jewellery
 i - a ring of ice
 j - a ring of fire
 l - a ring of wizardry
 r - a ring of wizardry
 y - a +1 ring of slaying (right hand)
 z - a +1 ring of strength (left hand)
Scrolls
 f - a scroll of noise
 o - 4 scrolls of identify
Potions
 h - 2 potions of lignification


   Skills:
 - Level 2.0 Fighting
 + Level 5.4 Staves
 - Level 1.7 Throwing
 + Level 1.4 Armour
 - Level 2.6 Dodging


You had 4 spell levels left.
You didn't know any spells.
Your spell library contained the following spells:

 Spells                   Type           Power      Damage    Failure   Level
 Ozocubu's Armour         Ice            0%         N/A       96%         3
 Hailstorm                Conj/Ice       0%         3d3       100%        4
 Ice Form                 Ice/Tmut       0%         N/A       100%        4
 Simulacrum               Ice/Necr       0%         N/A       100%        6
 Ozocubu's Refrigeration  Ice            0%         4d7       100%        7


Dungeon Overview and Level Annotations

Branches:
Dungeon (4/15)            Ossuary (1/1)
 Temple: D:4-7

Altars:
Sif Muna

Shops:
D:3 =

Annotations:
D:4 Menkaure


Innate Abilities, Weirdness & Mutations

You are partially covered in icy blue scales. (AC +2)
You sometimes gain a little power by taking damage.


Message History

The mummy hits you!
You hit the mummy.
The mummy is moderately damaged.
The mummy hits you.
You barely miss the mummy.
The mummy is moderately damaged.
The mummy hits you but does no damage. The mummy hits you.
You feel better.
You sock the mummy!
The mummy is severely damaged.
The mummy hits you but does no damage. The mummy hits you!
* * * LOW HITPOINT WARNING * * *
You focus on the pain.
You feel very mighty all of a sudden.
Unknown command.
It was a potion of degeneration.
There was something very wrong with that liquid.
You feel weakened.
You feel dopey.
You feel clumsy. The mummy closely misses you. The mummy barely misses you.
It was a potion of might.
You feel mightier all of a sudden.
It was a potion of brilliance.
You feel clever all of a sudden. The mummy hits you.
* * * LOW HITPOINT WARNING * * *
The mummy hits you.
* * * LOW HITPOINT WARNING * * *
Unknown command.
You closely miss the mummy.
The mummy is severely damaged.
Unknown command.
You sock the mummy!
You destroy the mummy!
The mummy closely misses you.
The hobgoblin zombie closely misses you.
Unknown command.
You thump the mummy!
The mummy is heavily damaged.
The hobgoblin zombie misses you. The mummy hits you!
You die...

Z....M.......
...........
........#
......#
#....# #....#
#....# #Z.M.#
#.@..# #....#
#....# #....#
#.∩∩.# ######


You could see a mummy and a hobgoblin zombie.

Vanquished Creatures
  3 orc priests (D:3)
  3 mummies (Ossuary)
  An adder (D:2)
  An adder skeleton (D:2)
  A dart slug (D:1)
  5 orcs
  2 ball pythons
  5 bats
  4 endoplasms
  5 giant cockroaches
  A gnoll zombie (Ossuary)
  5 goblins
  4 hobgoblins
  3 jackals (D:1)
  A quokka (D:1)
  A ball python skeleton (D:2)
  5 frilled lizards
  A hobgoblin zombie (Ossuary)
  A jackal skeleton (D:2)
  A kobold (D:1)
  3 kobold zombies (Ossuary)
  An orc zombie (Ossuary)
  2 quokka zombies (D:4)
  3 rats
62 creatures vanquished.

Notes
Turn   | Place    | Note
-------+----------+-------------------------------------------
     0 | D:1      | BeingJoeMalik the Demonspawn Gladiator began the quest for
                  | the Orb.
     0 | D:1      | Reached XP level 1. HP: 16/16 MP: 1/1
   138 | D:1      | Reached skill level 3 in Staves
   146 | D:1      | Gained mutation: You sometimes gain a little power by
                  | taking damage. [demonic ancestry]
   146 | D:1      | Reached XP level 2. HP: 16/22 MP: 2/2
   657 | D:2      | Reached XP level 3. HP: 27/27 MP: 3/3
   868 | D:2      | Found a faded altar of an unknown god.
   961 | D:2      | Reached skill level 4 in Staves
  1262 | D:2      | Identified the +1 ring mail "Conluew" {rC+ Dex+3}
  1694 | D:3      | Found Sopso's One-of-a-Kind Rings.
  1838 | D:3      | Reached XP level 4. HP: 31/33 MP: 4/4
  2035 | D:3      | Found a shimmering blue altar of Sif Muna.
  2375 | D:3      | Reached skill level 5 in Staves
  2375 | D:3      | Reached skill level 1 in Armour
  2375 | D:3      | Gained mutation: You are partially covered in icy blue
                  | scales. (AC +2) [demonic ancestry]
  2375 | D:3      | Reached XP level 5. HP: 18/38 MP: 5/5
  2995 | D:3      | Bought a +1 ring of slaying for 60 gold pieces
  2998 | D:3      | Bought a +1 ring of strength for 20 gold pieces
  3049 | D:4      | Noticed Menkaure
  3129 | D:4      | Found a sand-covered staircase.
  3167 | Ossuary  | Entered an ossuary
  3311 | Ossuary  | Mangled by a mummy

Illustrated notes

Levels and vault maps discovered:
D:1:      sevenhm_arrival_forest_fort_small_4, layout_rooms
D:2:      layout_basic, hellmonk_ecumenical_altar_run_dry, serial_undead,
          serial_undead_a, serial_undead_b, serial_undead_b, serial_undead_e,
          serial_bayou_crossing
D:3:      minmay_inner_zag, layout_loops_ring, nicolae_overflow_crystal_walls,
          nicolae_shop_unique_rings, minmay_door_square
D:4:      layout_loops_corners, nemelex_spade_bored_becter,
          nicolae_wu_jian_glorious_leap, enter_ossuary_4, serial_shops,
          nicolae_take_the_stairs, uniq_menkaure
Ossuary:  ossuary_tomb_3

Skill      XL: |  1  2  3  4 |
---------------+-------------+-----
Staves         | 3 4 5 |  5.4
Armour         | 1 |  1.4
Fighting       | |  2.0
Throwing       | |  1.7
Dodging        | |  2.6

Action                   |  1- 3 |  4- 6 || total
-------------------------+-------+-------++-------
Melee: Quarterstaff      |    92 |    86 ||   178
Throw: Throwing net      |     1 |       ||     1
  Use: Potion            |       |     6 ||     6
       Scroll            |       |     8 ||     8
 Stab: Sleeping          |     1 |     1 ||     2
       Distracted        |       |     1 ||     1
Armor: Leather armour    |    23 |       ||    23
       Ring mail         |     7 |    28 ||    35
Dodge: Dodged            |    61 |    43 ||   104
